 Dungeon Crawl Stone Soup version 0.28-a0-1486-g8196b01e9b (webtiles) character file.

Game seed: 6430652136266124852

733 McIrco the Chopper (level 7, 0/61 HPs)
             Began as a Minotaur Fighter on Jan 12, 2022.
             Succumbed to Duvessa's poison
             ... on level 5 of the Dungeon.
             The game lasted 00:03:21 (3172 turns).

McIrco the Chopper (Minotaur Fighter)               Turns: 3172, Time: 00:03:22

Health: 0/61       AC:  8    Str: 22    XL:     7   Next: 45%
Magic:  6/6        EV:  9    Int:  5    God:
Gold:   259        SH:  4    Dex: 10    Spells: 6/6 levels left

rFire   + . .      SeeInvis .   a - +0 war axe
rCold   + . .      Faith    .   c - +0 buckler
rNeg    . . .      Spirit   .   b - +0 scale mail
rPois   +          Reflect  .   (helmet restricted)
rElec   +          Harm     .   (no cloak)
rCorr   +          Rampage  .   (no gloves)
Will    .....                   (no boots)
Stlth   ..........              (no amulet)
HPRegen 0.20/turn               (no ring)
MPRegen 0.10/turn               (no ring)

@: mighty, lethally poisoned (0 -> -14), resistant, attractive
A: horns 2, retaliatory headbutt, deterioration 1, shaggy fur 1, wild magic 1
a: no special abilities


You were on level 5 of the Dungeon.
You visited 1 branch of the dungeon, and saw 5 of its levels.

You collected 259 gold pieces.

Inventory:

Hand Weapons
 a - a +0 war axe (weapon)
Armour
 b - a +0 scale mail (worn)
 c - a +0 buckler (worn)
 i - a +0 pair of boots
Wands
 m - a wand of charming (14)
Scrolls
 h - 2 scrolls of teleportation {unknown}
 n - 2 scrolls of identify {unknown}
 p - a scroll of fear {unknown}
 q - a scroll of amnesia {unknown}
 r - a scroll of enchant armour {unknown}
 s - a scroll of blinking {unknown}
 t - a scroll of noise {unknown}
Potions
 j - a potion of degeneration {unknown}
 k - a potion of heal wounds {unknown}
 l - a potion of brilliance {unknown}
 o - a potion of attraction


   Skills:
 + Level 5.3 Fighting
 + Level 7.2 Axes
 + Level 6.2 Armour
 + Level 4.8 Shields


You had 6 spell levels left.
You didn't know any spells.
Your spell library contained the following spells:

 Spells                   Type           Power      Damage    Failure   Level
 Ensorcelled Hibernation  Hex/Ice        0%         N/A       96%         2
 Passwall                 Tmut/Erth      0%         N/A       96%         2
 Swiftness                Air            0%         N/A       99%         3


Dungeon Overview and Level Annotations

Branches:
Dungeon (5/15)
 Temple: D:4-7

Altars:

Shops:
D:4 (

Annotations:
D:5 Dowan


Innate Abilities, Weirdness & Mutations

You have a pair of horns on your head.
You reflexively headbutt those who attack you in melee.
Your body sometimes deteriorates upon taking damage.
You are covered in fur. (AC +1)
Your spells are a little harder to cast, but a little more powerful.


Message History

Duvessa is almost dead.
You feel very sick.
Duvessa hits you with a +1 short sword of venom.
You barely miss Duvessa.
Duvessa is almost dead.
You feel very sick.
Duvessa hits you with a +1 short sword of venom.
You are more poisoned.
Duvessa hits you with a +1 short sword of venom!
You are lethally poisoned!
Unknown command.
It was a potion of attraction.
You feel attractive to monsters.
You feel extremely sick. Duvessa completely misses you.
Unknown command.
Unknown command.
You slash Duvessa!
You kill Duvessa!
Dowan seems overcome with grief.
Dowan seems to find hidden reserves of power!
* * * LOW HITPOINT WARNING * * *
You feel extremely sick.
Dowan gestures wildly while chanting.
Dowan blinks!
Your Armour skill increases to level 6!
Unknown command.
It was a potion of magic.
Magic courses through your body.
* * * LOW HITPOINT WARNING * * *
You feel very sick.
Unknown command.
It was a potion of mutation.
You feel extremely strange.
You feel yourself wasting away. Fur sprouts all over your body.
You feel less in control of your magic.
* * * LOW HITPOINT WARNING * * *
You feel very sick.
Unknown command.
It was a potion of resistance.
You feel protected.
You die...

..... .e...#####
...§.....
#.......# #§#
#.###### # .
#.##... .##.#
###†##.######....#
#...)@.....<..#
#.#.###.......#
#.#.#.......#####
#.....#...†.......
###.......########
#...#...........
#...###.########
##.####.#
#.#.....#


There were no monsters in sight!

Vanquished Creatures
  Duvessa (D:5)
  2 black bears (D:4)
  A sky beast (D:3)
  A hornet zombie (D:4)
  A water moccasin skeleton (D:4)
  A hound (D:5)
  An orc priest (D:3)
  An iguana (D:4)
  A hound skeleton (D:4)
  A howler monkey skeleton (D:4)
  3 adders (D:2)
  3 worms
  2 dart slugs (D:1)
  6 orcs
  8 ball pythons
  8 endoplasms
  6 giant cockroaches
  5 goblins
  7 hobgoblins
  5 kobolds
  6 quokkas
  7 bats
  3 frilled lizards
  6 rats
86 creatures vanquished.

Notes
Turn   | Place    | Note
-------+----------+-------------------------------------------
     0 | D:1      | McIrco the Minotaur Fighter began the quest for the Orb.
     0 | D:1      | Reached XP level 1. HP: 19/19 MP: 0/0
   152 | D:1      | Reached XP level 2. HP: 26/27 MP: 1/1
   392 | D:1      | Found a faded altar of an unknown god.
   821 | D:2      | Reached XP level 3. HP: 30/33 MP: 2/2
   823 | D:2      | Reached skill level 3 in Axes
  1010 | D:2      | Reached XP level 4. HP: 40/40 MP: 3/3
  1482 | D:3      | Reached skill level 4 in Axes
  1514 | D:3      | Noticed a sky beast
  1523 | D:3      | Killed a sky beast
  1524 | D:3      | Reached skill level 5 in Axes
  1524 | D:3      | Reached XP level 5. HP: 31/47 MP: 4/4
  2099 | D:4      | Noticed a black bear
  2107 | D:4      | Killed a black bear
  2108 | D:4      | Reached skill level 5 in Armour
  2108 | D:4      | Reached XP level 6. HP: 23/53 MP: 5/5
  2111 | D:4      | Reached skill level 6 in Axes
  2727 | D:4      | Reached skill level 5 in Fighting
  2727 | D:4      | Reached XP level 7. HP: 52/61 MP: 6/6
  2984 | D:4      | Found Gyny's Weapon Boutique.
  3063 | D:5      | Entered Level 5 of the Dungeon
  3073 | D:5      | Reached skill level 7 in Axes
  3151 | D:5      | Noticed Dowan
  3151 | D:5      | Noticed Duvessa
  3169 | D:5      | Killed Duvessa
  3171 | D:5      | Gained mutation: Your body sometimes deteriorates upon
                  | taking damage. [potion of mutation]
  3171 | D:5      | Gained mutation: You are covered in fur. (AC +1) [potion of
                  | mutation]
  3171 | D:5      | Gained mutation: Your spells are a little harder to cast,
                  | but a little more powerful. [potion of mutation]
  3172 | D:5      | Succumbed to Duvessa's poison

Illustrated notes

Levels and vault maps discovered:
D:1:      minmay_arrival_semitransparent, layout_loops_ring,
          shapermc_ecumenical_altar_pompeii
D:2:      layout_basic, minmay_circle_x
D:3:      layout_basic
D:4:      layout_gridville, serial_shops, shop, kennysheep_generic_room_6
D:5:      layout_loops_ring, nicolae_uskayaw_en_pointe, serial_co_window_serial,
          co_window_corner_a, co_window_paths_b, co_window_corner_a,
          co_window_of_opportunity_a, co_window_paths_a, co_window_paths_a,
          co_window_paths_a, co_window_broadway_b, co_window_of_opportunity_c,
          co_window_broadway_c, glass_columns_a, st_stairs_14, uniq_duvessa

Skill      XL: |  1  2  3  4  5  6  7 |
---------------+----------------------+-----
Fighting       | 4 5 |  5.3
Armour         | 4 5 6 |  6.2
Shields        | 4 |  4.8
Axes           | 3 5 6 7 |  7.2

Action                   |  1- 3 |  4- 6 |  7- 9 || total
-------------------------+-------+-------+-------++-------
Melee: War axe           |    72 |   110 |    23 ||   205
       Headbutt          |    11 |    18 |     4 ||    33
  Use: Potion            |       |       |     5 ||     5
Armor: Scale mail        |    43 |    50 |     6 ||    99
Dodge: Dodged            |    46 |    35 |     9 ||    90
Block: Buckler           |    21 |    21 |     5 ||    47

Table legend: (Time is in decaauts)
 A = Elapsed time spent in this place.
 B = Non-inter-level travel time spent in this place.
 C = Inter-level travel time spent in this place.
 D = Time resting spent in this place.
 E = Time spent auto-exploring this place.
 F = Levels seen in this place.
 G = Mean time per level.
                   A        B        C        D        E       F      G
               +--------+--------+--------+--------+--------+-----+--------+
         Total |   3236 |   3135 |    101 |    419 |   2160 |   5 |  647.2 |
       Dungeon |   3236 |   3135 |    101 |    419 |   2160 |   5 |  647.2 |
               +--------+--------+--------+--------+--------+-----+--------+

Top non-repeatable levels by time:
     D:4: 996 daAuts
     D:1: 829 daAuts
     D:3: 699 daAuts
     D:2: 599 daAuts
     D:5: 111 daAuts
